 Dungeon Crawl Stone Soup version 0.31.0-1-g2c135a0 (webtiles) character file.

Game seed: 7975136285952271380

376 mezmerelda the Cleaver (level 6, -2/56 HPs)
             Began as a Hill Orc Fighter on Mar 27, 2024.
             Slain by a sky beast (5 damage)
             ... on level 5 of the Dungeon.
             The game lasted 00:05:05 (1427 turns).

mezmerelda the Cleaver (Hill Orc Fighter)           Turns: 1427, Time: 00:05:05

Health: -2/56      AC: 11    Str: 21    XL:     6   Next: 73%
Magic:  6/6        EV:  9    Int:  8    God:
Gold:   122        SH:  4    Dex: 10    Spells: 5/5 levels left

rFire   . . .        a - +0 war axe
rCold   . . .        c - +0 buckler
rNeg    . . .        b - +0 scale mail
rPois   .            (no helmet)
rElec   .            s - +2 cloak
rCorr   .            (no gloves)
SInv    .            p - +0 pair of boots
Will    .....        (no amulet) Stlth
                     (no ring)
HPRegen 0.29/turn    (no ring)
MPRegen 0.10/turn

%: no passive effects
@: mighty
A: no striking features
a: no special abilities


You were on level 5 of the Dungeon.
You visited 1 branch of the dungeon, and saw 6 of its levels.

You collected 122 gold pieces.

Inventory:

Hand Weapons
 a - a +0 war axe (weapon)
 h - a +0 dagger of venom
Armour
 b - a +0 scale mail (worn)
 c - a +0 buckler (worn)
 p - a +0 pair of boots (worn)
 s - a +2 cloak (worn)
Scrolls
 e - a scroll of fog {unknown}
 i - 2 scrolls of identify {unknown}
 j - a scroll of torment {unknown}
 l - a scroll of fear {unknown}
 m - a scroll of acquirement {unknown}
 q - a scroll of teleportation {unknown}
 r - a scroll of poison {unknown}
Potions
 d - a potion of might
 f - a potion of enlightenment {unknown}
 g - 2 potions of mutation {unknown}
 k - 2 potions of curing {unknown}
 n - 2 potions of heal wounds {unknown}
 o - a potion of ambrosia {unknown}


   Skills:
 + Level 5.3 Fighting
 - Level 8.1 Axes
 - Level 3.2 Armour
 - Level 3.2 Shields


You had 5 spell levels left.
You didn't know any spells.
Your spell library contained the following spells:

 Spells                   Type           Power      Damage    Failure   Level
 Call Canine Familiar     Summ           0%         N/A       99%         3
 Sigil of Binding         Hex            0%         N/A       99%         3
 Dimensional Bullseye     Hex/Tloc       0%         N/A       100%        4


Dungeon Overview and Level Annotations

Branches:
Dungeon (6/15)
 Temple: D:4-7

Altars:
Gozag

Annotations:
D:4 1 runed translucent door, IAmTheZeppo's ghost, amateur MiMo
D:6 Blork the orc


Message History

You hear a shout!
You closely miss something. You miss something.
You feel less confused. Something hits you.
Something hits you but does no damage.
You hit something. You closely miss something.
You hear some strange, mumbled words.
A magic dart appears from out of thin air!
The magic dart hits you!
You slash something!
Reactivating autopickup.
You feel a bit more experienced.
You closely miss something. Something hits you but does no damage.
Deactivating autopickup; reactivate with Ctrl-A.
You closely miss something. You miss something.
Something hits you but does no damage.
Blork the orc comes into view.
He is wielding a +0 dire flail.
Something hits you but does no damage.
There is a stone staircase leading up here.
Something hits you. Something shocks you.
You climb upwards.
Reactivating autopickup.
There is a stone staircase leading down here.
You start resting.
A sky beast appears from thin air!
The sky beast barely misses you.
You slash the sky beast!
The sky beast is heavily wounded.
The sky beast hits you. The sky beast shocks you.
* * * LOW HITPOINT WARNING * * *
You slash the sky beast!
The sky beast is almost dead.
The sky beast hits you.
* * * LOW HITPOINT WARNING * * *
The sky beast shocks you.
* * * LOW HITPOINT WARNING * * *
You barely miss the sky beast.
The sky beast is almost dead.
The sky beast hits you.
* * * LOW HITPOINT WARNING * * *
The sky beast shocks you.
You die...

#############
..........†@#
#.....#Y#
#....#<#.#.#
#..# #.#...#
#. ..###.#
.##....).# #.
#.#....# #
#.#...<#
.#...##


You could see a sky beast.

Vanquished Creatures
  A black bear (D:5)
  A bullfrog (D:5)
  2 hounds (D:5)
  2 orc wizards (D:6)
  Robin (D:3)
  3 adders
  A ribbon worm (D:4)
  3 dart slugs
  3 orcs (D:6)
  3 ball pythons
  5 bats
  3 endoplasms
  5 giant cockroaches
  18 goblins
  3 hobgoblins (D:3)
  2 kobolds
  A quokka (D:4)
  2 frilled lizards
  2 rats (D:3)
61 creatures vanquished.

Notes
Turn   | Place    | Note
-------+----------+-------------------------------------------
     0 | D:1      | mezmerelda the Hill Orc Fighter began the quest for the
                  | Orb.
     0 | D:1      | Reached XP level 1. HP: 19/19 MP: 1/1
    55 | D:1      | Reached skill level 3 in Axes
   122 | D:2      | Reached XP level 2. HP: 23/26 MP: 2/2
   219 | D:2      | Reached skill level 4 in Axes
   244 | D:3      | Reached XP level 3. HP: 31/31 MP: 3/3
   683 | D:3      | Reached skill level 5 in Axes
   766 | D:3      | Found an opulent altar of Gozag.
   785 | D:3      | Noticed Robin
   803 | D:3      | Killed Robin
   804 | D:3      | Reached XP level 4. HP: 28/39 MP: 4/4
   981 | D:4      | Reached skill level 6 in Axes
  1148 | D:5      | Entered Level 5 of the Dungeon
  1168 | D:5      | Reached XP level 5. HP: 40/45 MP: 5/5
  1186 | D:5      | Noticed an ogre
  1226 | D:4      | Noticed IAmTheZeppo's ghost (amateur MiMo)
  1249 | D:4      | Found a runed translucent door.
  1372 | D:5      | Reached skill level 7 in Axes
  1379 | D:5      | Reached skill level 8 in Axes
  1379 | D:5      | Reached XP level 6. HP: 47/51 MP: 6/6
  1391 | D:6      | Noticed a black bear
  1400 | D:5      | Killed a black bear
  1406 | D:6      | Noticed a sky beast
  1408 | D:6      | Reached skill level 5 in Fighting
  1420 | D:6      | Noticed Blork the orc
  1427 | D:5      | Slain by a sky beast

Illustrated notes

Levels and vault maps discovered:
D:1:      doesnt_arrival_eight_statues, layout_basic
D:2:      layout_basic, nicolae_houndstooth_variations
D:3:      layout_loops_corners, grunt_gozag_statues, kennysheep_crisscross,
          uniq_robin
D:4:      layout_basic, hellmonk_ghost_happy_afterlife
D:5:      layout_basic, mainiacjoe_overflow_cross_hatched,
          gammafunk_ghost_nasty_kobolds
D:6:      layout_rooms, minmay_temple_entry_overgrown, minmay_misc_feat_plants,
          minivault_1, minmay_small_thing, uniq_blork_the_orc

Skill      XL: |  1  2  3  4  5  6 |
---------------+-------------------+-----
Axes           | 3 4 5 6 8 |  8.1
Fighting       | 5 |  5.3
Armour         | |  3.2
Shields        | |  3.2

Action                     |  1- 3 |  4- 6 || total
---------------------------+-------+-------++-------
  Melee: War axe           |   119 |    85 ||   204
    Use: Potion            |       |     1 ||     1
 Armour: Scale mail        |    79 |    72 ||   151
  Dodge: Dodged            |    54 |    31 ||    85
  Block: Buckler           |    27 |    22 ||    49
